 Dungeon Crawl Stone Soup version 0.29-a0-901-g46a8461d6a (webtiles) character file.

Game seed: 11009536371444140970

232 Aviak the Changer (level 6, -25/51 HPs)
             Began as a Meteoran Transmuter on July 23, 2022.
             Was an Initiate of Gozag.
             Killed by an exploding hound (45 damage)
             ... ignited by their inner flame
             ... on level 4 of the Dungeon.
             The game lasted 00:06:29 (1522 turns).

Aviak the Changer (Meteoran Transmuter)             Turns: 1522, Time: 00:06:29

Health: -25/51     AC:  4    Str: 14    XL:     6   Next: 50%
Magic:  11/11      EV: 13    Int: 14    God:    Gozag
Gold:   163        SH:  0    Dex: 21    Spells: 5/11 levels left

rFire   . . .      SeeInvis .     - Unarmed
rCold   . . .      Faith    .   (no shield)
rNeg    . . .      Spirit   .   b - +1 leather armour
rPois   +          Reflect  .   (no helmet)
rElec   .          Harm     .   (no cloak)
rCorr   .          Rampage  .   (no gloves)
Will    .....                   (no boots)
Stlth   +.........              (no amulet)
HPRegen 0.17/turn               P - ring of poison resistance
MPRegen 0.12/turn               n - +6 ring of dexterity

@: gold aura, glowing
A: sense surroundings 1, otherworldly, glowing, explore regen
a: Renounce Religion, Potion Petition, Call Merchant, Bribe Branch


You were on level 4 of the Dungeon.
You worshipped Gozag.
Gozag was aware of your devotion.
You visited 1 branch of the dungeon, and saw 4 of its levels.

You collected 199 gold pieces.
You paid 36 gold pieces to Gozag.

Inventory:

Armour
 a - a +0 robe
 b - a +1 leather armour (worn)
Jewellery
 n - a +6 ring of dexterity (right hand)
 P - a ring of poison resistance (left hand)
Scrolls
 d - a scroll of blinking {unknown}
 e - a scroll of butterflies {unknown}
 g - 3 scrolls of immolation
 k - a scroll of enchant armour
 l - 2 scrolls of enchant weapon {unknown}
 m - a scroll of teleportation {unknown}
Potions
 c - 6 potions of curing
 f - 3 potions of might {unknown}
 i - a potion of haste {unknown}
 j - a potion of attraction {unknown}


   Skills:
 - Level 3.0 Fighting
 + Level 3.6 Dodging
 - Level 3.6 Unarmed Combat
 - Level 3.0 Spellcasting
 + Level 4.8 Transmutations
 - Level 3.0 Poison Magic


You had 5 spell levels left.
You knew the following spells:

 Your Spells              Type           Power      Damage    Failure   Level
a - Beastly Appendage     Tmut           30%        N/A       3%          1
b - Wereblood             Tmut           15%        N/A       5%          2
c - Spider Form           Tmut/Pois      13%        N/A       16%         3

Your spell library contained the following spells:

 Spells                   Type           Power      Damage    Failure   Level
 Ignite Poison            Fire/Tmut/Pois 9%         N/A       28%         3
 Conjure Flame            Conj/Fire      2%         6-21      63%         3
 Ice Form                 Ice/Tmut       8%         N/A       69%         4
 Sticky Flame             Conj/Fire      2%         2d3       95%         4


Dungeon Overview and Level Annotations

Branches:
Dungeon (4/15) Zot: 885
 Temple: D:4-7

Altars:
Gozag

Shops:
D:2 =   D:3 :


Innate Abilities, Weirdness & Mutations

You passively map a small area around you.
You are easily found by Zot.
You glow in the dark.
You regain HP and MP as you explore.


Message History

The hound is lightly wounded.
Menkaure shouts!
The hound bites you. x2
You hit the hound.
The hound is heavily wounded.
The hound bites you but does no damage.
Menkaure calls on the powers of darkness!
The dart slug convulses!
The hound convulses!
Your body is wracked with pain!
* * * LOW HITPOINT WARNING * * *
Unknown command.
It was a potion of curing.
You feel better. The hound bites you. The hound completely misses you.
Aiming: Fastroot
Press: ? - help, Shift-Dir - straight line
Okay, then.
The hound attacks as you move away! The hound barely misses you.
Menkaure grins.
You closely miss the hound.
The hound is severely wounded.
The hound barely misses you. The hound bites you.
Okay, then.
As you read the scroll labelled DYIKLA YNKU, it crumbles to dust.
The creatures around you are filled with an inner flame!
It was a scroll of immolation.
The hound barely misses you.
That's the wrong kind of item! (Use * to select it.) Evoke which item? (* to show all) (? for menu, Esc to quit)
Aiming: Fastroot
Press: ? - help, Shift-Dir - straight line The roots erupt in riotous growth!
Roots grab the hound.
Roots grab the dart slug.
The now-empty wand crumbles to dust.
The grasping roots constrict the hound.
The grasping roots constrict the dart slug!
The dart slug explodes!
The fiery explosion engulfs Menkaure!!!
Menkaure is burned terribly!
Menkaure explodes!
The hound explodes!
The fiery explosion engulfs you!!!
Ouch! That really hurt!
You die...
Your body crumbles into a pile of gold.

.......>## * #..#
..###)...#####..# .##
#.......##..## , * ##
#...##....>..# , * #
#..#####.....## . , * #
#..## ##.....## .., , *
#####...# ##...).###...
........######..§§§§§§..#*
................@§§§§§.##
* ................§§§§§###
, ................#.....#
,
...............#.$.......
.....................$...
*
#.......)................
##.......................
##..................$...,
###.........)..........


There were no monsters in sight!

Vanquished Creatures
  Menkaure (D:4)
  A necrophage (D:4)
  A hound (D:4)
  Ijyb (D:4)
  4 gnolls (D:3)
  4 adders
  5 dart slugs
  An orc (D:4)
  5 endoplasms
  4 giant cockroaches
  4 goblins
  7 hobgoblins
  3 quokkas
  6 ball pythons
  4 bats
  3 frilled lizards
  6 kobolds
  6 rats
66 creatures vanquished.

Vanquished Creatures (others)
  A plant (D:2)
1 creature vanquished.

Grand Total: 67 creatures vanquished

Notes
Turn   | Place    | Note
-------+----------+-------------------------------------------
     0 | D:1      | Aviak the Meteoran Transmuter began the quest for the Orb.
     0 | D:1      | Reached XP level 1. HP: 16/16 MP: 5/5
    79 | D:1      | Reached XP level 2. HP: 9/23 MP: 6/6
   221 | D:1      | Reached skill level 3 in Transmutations
   228 | D:1      | Found a faded altar of an unknown god.
   266 | D:1      | Reached XP level 3. HP: 24/29 MP: 8/8
   309 | D:1      | Learned a level 2 spell: Wereblood
   313 | D:1      | Learned a level 3 spell: Spider Form
   519 | D:2      | Found Useehiow's Jewellery Shoppe.
   550 | D:2      | Reached XP level 4. HP: 33/37 MP: 9/9
   560 | D:2      | Reached skill level 1 in Poison Magic
   818 | D:3      | Found Isudaikk's Vocational Training.
   877 | D:3      | Reached XP level 5. HP: 29/44 MP: 7/10
   880 | D:3      | Reached skill level 4 in Transmutations
  1062 | D:3      | Found an opulent altar of Gozag.
  1074 | D:3      | Became a worshipper of Gozag Ym Sagoz the Greedy
  1365 | D:4      | Noticed a necrophage
  1383 | D:4      | Killed a necrophage
  1384 | D:4      | Reached XP level 6. HP: 42/51 MP: 11/11
  1474 | D:4      | Noticed Ijyb
  1496 | D:4      | Killed Ijyb
  1515 | D:4      | Noticed Menkaure
  1522 | D:4      | Killed Menkaure
  1522 | D:4      | Killed by an exploding hound... ignited by their inner
                  | flame

Illustrated notes

Levels and vault maps discovered:
D:1:      ebering_hopf_link, layout_rooms, basic_ecumenical_altar,
          minmay_pentomino_p2
D:2:      layout_loops_ring, serial_shops, nicolae_shop_statue_plus,
          serial_bayou_pond_b, chequers_serial_rivers_small_3
D:3:      layout_basic, grunt_gozag_breadcrumbs, nicolae_shop_vocational
D:4:      layout_layer_cave, dancing_weapons_uskayaw, uniq_duvessa,
          uniq_menkaure, uniq_edmund, uniq_ijyb

Skill      XL: |  1  2  3  4  5  6 |
---------------+-------------------+-----
Spellcasting   | 3 |  3.0
Transmutations | 3 4 |  4.8
Fighting       | 2 3 |  3.0
Poison Magic   | 1 2 3 |  3.0
Dodging        | 3 |  3.6
Unarmed Combat | |  3.6

Action                   |  1- 3 |  4- 6 || total
-------------------------+-------+-------++-------
Melee: Unarmed           |    71 |   124 ||   195
       Kick              |    11 |    21 ||    32
       Headbutt          |     8 |    16 ||    24
       Punch             |     1 |       ||     1
 Cast: Beastly Appendage |     9 |    10 ||    19
       Wereblood         |       |     2 ||     2
       Spider Form       |       |     2 ||     2
Evoke: Wand              |       |     1 ||     1
  Use: Potion            |       |     3 ||     3
       Scroll            |       |     2 ||     2
Armor: Robe              |    20 |     7 ||    27
       Skin              |       |    12 ||    12
       Leather armour    |       |    16 ||    16
Dodge: Dodged            |    43 |    78 ||   121

Table legend: (Time is in decaauts)
 A = Elapsed time spent in this place.
 B = Non-inter-level travel time spent in this place.
 C = Inter-level travel time spent in this place.
 D = Time resting spent in this place.
 E = Time spent auto-exploring this place.
 F = Levels seen in this place.
 G = Mean time per level.
                   A        B        C        D        E       F      G
               +--------+--------+--------+--------+--------+-----+--------+
         Total |   1513 |   1450 |     63 |    121 |    559 |   4 |  378.2 |
       Dungeon |   1513 |   1450 |     63 |    121 |    559 |   4 |  378.2 |
               +--------+--------+--------+--------+--------+-----+--------+

Top non-repeatable levels by time:
     D:3: 526 daAuts
     D:2: 486 daAuts
     D:1: 331 daAuts
     D:4: 170 daAuts
